 Dungeon Crawl Stone Soup version 0.28.0-47-ge53b351184 (webtiles) character file.

Game seed: 14149381288289534278

1650 Peloso the Carver (level 8, 0/71 HPs)
             Began as a Minotaur Fighter on Apr 29, 2022.
             Was a Believer of Okawaru.
             Slain by an orc warrior
             ... wielding a +0 flail
              (7 damage)
             ... in the Ecumenical Temple.
             The game lasted 00:09:02 (6545 turns).

Peloso the Carver (Minotaur Fighter)                Turns: 6545, Time: 00:09:02

Health: 0/71       AC: 17    Str: 20    XL:     8   Next: 67%
Magic:  7/7        EV:  8    Int:  5    God:    Okawaru [**....]
Gold:   272        SH:  5    Dex: 13    Spells: 7/7 levels left

rFire   . . .      SeeInvis .   a - +1 long sword
rCold   . . .      Faith    .   c - +0 buckler
rNeg    . . .      Spirit   .   j - +0 chain mail
rPois   .          Reflect  .   l - +1 hat
rElec   .          Harm     .   (no cloak)
rCorr   +          Rampage  .   v - +0 pair of gloves
Will    .....                   (no boots)
Stlth   ..........              (no amulet)
HPRegen 0.21/turn               g - ring of resist corrosion
MPRegen 0.10/turn               h - +4 ring of protection

@: no status effects
A: horns 2, retaliatory headbutt
a: Renounce Religion, Heroism


You were in the Ecumenical Temple.
You worshipped Okawaru.
Okawaru was pleased with you.
You visited 2 branches of the dungeon, and saw 8 of its levels.

You collected 272 gold pieces.

Inventory:

Hand Weapons
 a - a +1 long sword (weapon)
Armour
 b - a +0 scale mail
 c - a +0 buckler (worn)
 j - a +0 chain mail (worn)
 l - a +1 hat (worn)
 v - a +0 pair of gloves (worn)
Jewellery
 g - a ring of resist corrosion (left hand)
 h - a +4 ring of protection (right hand)
 k - an amulet of the acrobat
Scrolls
 m - a scroll of enchant armour {unknown}
 o - a scroll of enchant weapon
 p - a scroll of teleportation {unknown}
 t - a scroll of fog {unknown}
Potions
 d - a potion of might
 e - 2 potions of flight {unknown}
 f - a potion of brilliance
 n - a potion of invisibility
 q - 2 potions of curing {unknown}
 r - a potion of heal wounds {unknown}
 s - a potion of cancellation {unknown}
Miscellaneous
 u - a phial of floods


   Skills:
 + Level 6.5 Fighting
 + Level 8.8 Long Blades
 + Level 7.8 Armour
 + Level 2.2 Dodging
 + Level 0.6 Stealth
 + Level 5.3 Shields
 + Level 0.2 Invocations


You had 7 spell levels left.
You didn't know any spells.
Your spell library contained the following spells:

 Spells                   Type           Power      Damage    Failure   Level
 Corpse Rot               Necr/Air       0%         N/A       100%        2
 Poisonous Vapours        Pois/Air       0%         N/A       100%        2
 Static Discharge         Conj/Air       0%         N/A       100%        2
 Dispel Undead            Necr           0%         3d6       100%        4
 Sticky Flame             Conj/Fire      0%         2d3       100%        4
 Summon Small Mammal      Summ           Unusable   N/A       N/A         1
 Call Canine Familiar     Summ           Unusable   N/A       N/A         3
 Summon Guardian Golem    Hex/Summ       Unusable   N/A       N/A         3

Dungeon Overview and Level Annotations

Branches:
Dungeon (7/15)             Temple (1/1) D:7

Altars:
Cheibriados
Okawaru
Ru
Vehumet
Yredelemnul

Annotations:
D:4 1 runed translucent door, 101zpm's ghost, amateur DjIE


Innate Abilities, Weirdness & Mutations

You have a pair of horns on your head.
You reflexively headbutt those who attack you in melee.


Message History

As you read the scroll labelled BUANUTT AHURCHY, it crumbles to dust.
It is a scroll of enchant weapon.
Your +0 long sword glows red for a moment.
The orc warrior barely misses you.
Something barely misses the orc warrior.
You open the door.
There is an open door here.
There is a staircase to the Ecumenical Temple here.
An orc wizard appears from thin air!
Reactivating autopickup.
The orc wizard casts a spell.
The orc wizard flickers and vanishes!
Deactivating autopickup; reactivate with Ctrl-A.
You block the orc warrior's attack.
You climb downwards.
Welcome to the Ecumenical Temple!
Reactivating autopickup.
There is a staircase back to the Dungeon here.
Unknown command.
Unknown command.
You completely miss the orc warrior.
The orc warrior is severely wounded.
You block the orc warrior's attack.
You completely miss the orc warrior.
You headbutt the orc warrior, but do no damage.
The orc warrior is severely wounded.
The orc warrior hits you with a +0 flail.
* * * LOW HITPOINT WARNING * * *
You hit the orc warrior but do no damage.
Your headbutt misses the orc warrior.
The orc warrior is severely wounded.
The orc warrior hits you with a +0 flail!
* * * LOW HITPOINT WARNING * * *
You barely miss the orc warrior.
The orc warrior is severely wounded.
The orc warrior hits you with a +0 flail.
* * * LOW HITPOINT WARNING * * *
You closely miss the orc warrior.
The orc warrior is severely wounded.
The orc warrior hits you with a +0 flail!
You die...

.. #. .#
.. +#
##+## #+
..#...#..
.+...+.
#...#
#...#
#.o.#
#.@.#
#...#
#####


You could see an orc warrior.

Vanquished Creatures
  Joseph (D:7)
  A hornet (D:6)
  A shadow (D:6)
  A black bear (D:6)
  An ice beast (D:7)
  A centaur (D:6)
  A bullfrog (D:4)
  A scorpion (D:5)
  2 hounds
  2 jellies (D:4)
  2 orc priests
  A bullfrog skeleton (D:5)
  4 orc wizards
  An iguana (D:5)
  A hound skeleton (D:4)
  11 gnolls
  2 adders
  A shadow imp (D:7)
  An ufetubus (D:5)
  An adder skeleton (D:4)
  4 worms
  2 dart slugs
  19 orcs
  3 bats (D:1)
  An endoplasm (D:3)
  2 giant cockroaches
  6 goblins
  4 hobgoblins
  4 jackals
  6 kobolds
  3 quokkas
  4 ball pythons
  A ball python skeleton (D:2)
  A ball python zombie (D:2)
  3 frilled lizards
  A jackal skeleton (D:2)
  5 rats
106 creatures vanquished.

Vanquished Creatures (others)
  5 fungi (D:3)
  A plant (D:3)
6 creatures vanquished.

Grand Total: 112 creatures vanquished

Notes
Turn   | Place    | Note
-------+----------+-------------------------------------------
     0 | D:1      | Peloso the Minotaur Fighter began the quest for the Orb.
     0 | D:1      | Reached XP level 1. HP: 19/19 MP: 0/0
   148 | D:1      | Reached XP level 2. HP: 25/27 MP: 1/1
   811 | D:2      | Reached XP level 3. HP: 33/33 MP: 2/2
   861 | D:2      | Reached skill level 3 in Long Blades
  1601 | D:3      | Found a faded altar of an unknown god.
  1624 | D:3      | Reached XP level 4. HP: 3/41 MP: 3/3
  1651 | D:3      | HP: 2/41 [orc/boomerang (5)]
  2224 | D:4      | Found a runed translucent door.
  2225 | D:4      | Noticed 101zpm's ghost (amateur DjIE)
  2387 | D:4      | Identified the +1 robe of Perfidy {rPois MP+9}
  2434 | D:4      | Reached skill level 4 in Long Blades
  2506 | D:4      | Noticed a bullfrog
  2507 | D:4      | Found an iron altar of Okawaru.
  2539 | D:4      | Killed a bullfrog
  2540 | D:4      | Reached skill level 1 in Dodging
  2540 | D:4      | Reached XP level 5. HP: 34/47 MP: 4/4
  2809 | D:4      | Became a worshipper of Warmaster Okawaru
  2952 | D:4      | Reached skill level 5 in Long Blades
  2952 | D:4      | Reached skill level 5 in Armour
  2952 | D:4      | Reached XP level 6. HP: 45/55 MP: 5/5
  3213 | D:4      | Reached skill level 5 in Fighting
  3304 | D:5      | Entered Level 5 of the Dungeon
  3799 | D:5      | Reached XP level 7. HP: 45/61 MP: 6/6
  3905 | D:5      | Reached * piety under Okawaru
  4090 | D:5      | Found a basalt altar of Yredelemnul.
  4090 | D:5      | Found a sacrificial altar of Ru.
  4252 | D:5      | Reached skill level 6 in Long Blades
  4446 | D:6      | Found a radiant altar of Vehumet.
  4463 | D:6      | Noticed a hornet
  4473 | D:6      | Killed a hornet
  4474 | D:6      | Reached skill level 7 in Long Blades
  4474 | D:6      | Reached skill level 5 in Shields
  4831 | D:6      | Reached XP level 8. HP: 52/70 MP: 7/7
  5402 | D:6      | Reached ** piety under Okawaru
  5611 | D:6      | Found a snail-covered altar of Cheibriados.
  6008 | D:7      | Found a staircase to the Ecumenical Temple.
  6028 | D:7      | Reached skill level 8 in Long Blades
  6093 | D:7      | Noticed Joseph
  6122 | D:7      | Killed Joseph
  6540 | Temple   | Entered the Ecumenical Temple
  6545 | Temple   | Slain by an orc warrior

Illustrated notes

Levels and vault maps discovered:
D:1:      dpeg_arrival_arbitrary_c, layout_loops_ring, patterned_corridor
D:2:      layout_rooms, serial_undead, serial_undead_d, serial_undead_e,
          serial_undead_a, serial_undead_c, fountainhead
D:3:      layout_loops_ring, shapermc_ecumenical_altar_acropolis
D:4:      layout_rooms, kennysheep_okawaru_gauntlet, ebering_ghost_sewer_d,
          grunt_ministairs_3
D:5:      layout_loops_ring, gammafunk_temple_overflow_elements
D:6:      layout_loops_corners, mainiacjoe_overflow_small_starburst,
          lemuel_doored_altar, minmay_misc_feat_secret_circle,
          minmay_small_thing
D:7:      layout_loops_corners, jmf_multi_god_temple2, temple_fountains,
          serial_shops, shop_fountains, minmay_misc_feat_roman,
          skrybe_limestone_x, uniq_joseph
Temple:   nicolae_temple_god_jail

Skill      XL: |  1  2  3  4  5  6  7  8 |
---------------+-------------------------+-----
Fighting       | 4 5 6 |  6.5
Armour         | 4 5 6 7 |  7.8
Shields        | 4 5 |  5.3
Long Blades    | 3 4 5 7 8 |  8.8
Dodging        | 1 2 |  2.2
Stealth        | |  0.6
Invocations    | |  0.2

Action                   |  1- 3 |  4- 6 |  7- 9 || total
-------------------------+-------+-------+-------++-------
Melee: Long sword        |    80 |   141 |   129 ||   350
       Headbutt          |    14 |    17 |    22 ||    53
Invok: Heroism           |       |       |     2 ||     2
  Use: Potion            |     1 |       |       ||     1
       Scroll            |       |     1 |     4 ||     5
Armor: Scale mail        |    48 |     2 |       ||    50
       Chain mail        |       |   117 |    65 ||   182
Dodge: Dodged            |    37 |    61 |    51 ||   149
Block: Buckler           |    13 |    43 |    27 ||    83
